 Dungeon Crawl Stone Soup version 0.30-a0-168-g0b976cbdc4 (webtiles) character file.

Game seed: 3396698130139872984

36 LnG the Caller (level 3, 0/19 HPs)
             Began as a Kobold Summoner on Sept 29, 2022.
             Succumbed to an adder's poison
             ... on level 2 of the Dungeon.
             The game lasted 00:03:07 (2001 turns).

LnG the Caller (Kobold Summoner)                    Turns: 2001, Time: 00:03:07

Health: 0/19       AC:  2    Str:  5    XL:     3   Next: 57%
Magic:  4/6        EV: 15    Int: 18    God:
Gold:   38         SH:  0    Dex: 15    Spells: 4/7 levels left

rFire   + . .      SeeInvis .    i - +0 dagger
rCold   . . .      Faith    .    (no shield)
rNeg    . . .      Spirit   .    a - +0 robe
rPois   .          Reflect  .    (no helmet)
rElec   .          Harm     .    (no cloak)
rCorr   .          Rampage  .    (no gloves)
Will    .....                    (no boots)
Stlth   +++.......               (no amulet)
HPRegen 0.06/turn                d - ring of protection from fire
MPRegen 0.10/turn                (no ring)

@: lethally poisoned (0 -> -7), hasted, very quick
A: small, no large weapons, nightstalker 3
a: no special abilities


You were on level 2 of the Dungeon.
You visited 1 branch of the dungeon, and saw 2 of its levels.

You collected 38 gold pieces.

Inventory:

Hand Weapons
 i - a +0 dagger (weapon)
Armour
 a - a +0 robe (worn)
Jewellery
 d - a ring of protection from fire (left hand)
Scrolls
 c - a scroll of summoning {unknown}
 g - a scroll of blinking
Potions
 b - a potion of magic
 f - a potion of heal wounds {unknown}
 h - a potion of brilliance {unknown}
 j - a potion of degeneration {unknown}


   Skills:
 + Level 2.9 Dodging
 + Level 2.9 Stealth
 + Level 0.2 Unarmed Combat
 + Level 2.6 Spellcasting
 + Level 4.5 Summonings


You had 4 spell levels left.
You knew the following spells:

 Your Spells              Type           Power      Damage    Failure   Level
a - Summon Small Mammal   Summ           72%        N/A       2%          1
b - Call Imp              Summ           18%        N/A       4%          2

Your spell library contained the following spells:

 Spells                   Type           Power      Damage    Failure   Level
 Call Canine Familiar     Summ           18%        N/A       8%          3
 Summon Guardian Golem    Hex/Summ       10%        N/A       21%         3
 Summon Lightning Spire   Summ/Air       10%        N/A       54%         4


Dungeon Overview and Level Annotations

Branches:
Dungeon (2/15)

Altars:


Innate Abilities, Weirdness & Mutations

You are small and have problems with some larger weapons.
You are completely attuned to the shadows.


Message History

You feel sick. The adder closely misses you. x2
Casting: Call Imp (safe; 4% risk of failure)
Confirm with . or Enter, or press ? or * to list all spells.
A beastly little devil appears in a puff of flame.
You feel sick. The adder bites you. The adder attacks as you move away!
The adder misses you.
Found a leather armour.
You feel sick.
You closely miss the adder.
The adder is lightly wounded.
You feel sick. The adder closely misses you. The adder completely misses you.
Your crimson imp blinks!
You closely miss the adder.
The adder is lightly wounded.
You feel sick.
You are no longer poisoned.
The adder bites you.
You are poisoned.
The adder poisons you!
Casting: Call Imp (safe; 4% risk of failure)
Confirm with . or Enter, or press ? or * to list all spells.
You don't know that spell.
You hit the adder.
The adder is heavily wounded.
* * * LOW HITPOINT WARNING * * *
You feel sick. The adder completely misses you.
You hit the adder.
The adder is severely wounded.
* * * LOW HITPOINT WARNING * * *
You feel sick. The adder closely misses you.
Your crimson imp closely misses the adder.
You hit the adder.
The adder is almost dead.
* * * LOW HITPOINT WARNING * * *
You feel sick. The adder bites you.
* * * LOW HITPOINT WARNING * * *
You are more poisoned.
The adder poisons you! The adder misses you.
Your crimson imp hits the adder.
The adder dies!
It was a potion of haste.
You feel yourself speed up.
You die...

.....#########
...#.........#
...#########'#####
.. ≈≈≈≈.≈≈≈≈≈
≈≈.....≈≈≈
≈.......≈≈
....#....≈
..##5##...
#@†.#... #.[#..#..
..#.[.#..
...##.##.. ≈. #.


You could see a friendly crimson imp (summoned).

Vanquished Creatures
  2 endoplasms
  A hobgoblin (D:1)
  A quokka (D:2)
  A rat (D:2)
5 creatures vanquished.

Vanquished Creatures (collateral kills)
  An adder (D:2)
  2 endoplasms (D:1)
  A giant cockroach (D:1)
  2 jackals (D:1)
  A quokka (D:1)
  2 ball pythons
  2 bats (D:2)
  A frilled lizard (D:1)
  4 goblins
  4 kobolds
20 creatures vanquished.

Vanquished Creatures (others)
  A plant (D:1)
1 creature vanquished.

Grand Total: 26 creatures vanquished

Notes
Turn   | Place    | Note
-------+----------+-------------------------------------------
     0 | D:1      | LnG the Kobold Summoner began the quest for the Orb.
     0 | D:1      | Reached XP level 1. HP: 10/10 MP: 3/3
   418 | D:1      | Reached XP level 2. HP: 15/15 MP: 1/5
   421 | D:1      | Learned a level 2 spell: Call Imp
  1516 | D:2      | Reached XP level 3. HP: 19/19 MP: 3/6
  1936 | D:2      | Found a faded altar of an unknown god.
  2001 | D:2      | Succumbed to an adder's poison

Illustrated notes

Levels and vault maps discovered:
D:1:      roderic_crop_circles_arrival_large, layout_loops_cross
D:2:      layout_rooms, dilly_ecumenical_altar_fadedgnrine,
          corexii_hall_statues_x, minivault_19, kennysheep_doodads,
          kennysheep_generic_room_2

Action                   || total
-------------------------++-------
Melee: Unarmed           ||    49
       Dagger            ||    19
       Punch             ||     1
 Cast: Summon Small Mamm ||    23
       Call Imp          ||     9
  Use: Scroll            ||     3
       Potion            ||     1
Armor: Robe              ||     6
Dodge: Dodged            ||    60

Table legend: (Time is in decaauts)
 A = Elapsed time spent in this place.
 B = Non-inter-level travel time spent in this place.
 C = Inter-level travel time spent in this place.
 D = Time resting spent in this place.
 E = Time spent auto-exploring this place.
 F = Levels seen in this place.
 G = Mean time per level.
                   A        B        C        D        E       F      G
               +--------+--------+--------+--------+--------+-----+--------+
         Total |   1999 |   1959 |     40 |    210 |   1456 |   2 |  999.5 |
       Dungeon |   1999 |   1959 |     40 |    210 |   1456 |   2 |  999.5 |
               +--------+--------+--------+--------+--------+-----+--------+

Top non-repeatable levels by time:
     D:1: 1409 daAuts
     D:2: 590 daAuts
